 Dungeon Crawl Stone Soup version 0.31-a0-986-g5e6e4ef867 (webtiles) character file.

Game seed: 17408389289265148580

118 Persephone the Ruffian (level 5, -3/28 HPs)
             Began as a Vine Stalker Berserker on Nov 14, 2023.
             Was a Believer of Trog.
             Splashed by a jelly's acid (4 damage)
             ... on level 3 of the Dungeon.
             The game lasted 00:04:21 (2278 turns).

Persephone the Ruffian (Vine Stalker Berserker)     Turns: 2278, Time: 00:04:21

Health: -3/28      AC: -15   Str: 21    XL:     5   Next: 2%
Magic:  0/6        EV: 12    Int:  8    God:    Trog [**....]
Gold:   107        SH:  0    Dex: 14    Spells: 4/4 levels left

rFire   . .          .
                       - Unarmed
rCold   . . .        (no shield)
rNeg    . . .        k - +1 toga "Victory" {*Victory Int+1 Slay+1 Clar}
rPois   .            e - +0 helmet
rElec   .            (no cloak)
rCorr   .            (no gloves)
SInv    .            (no boots)
Will    ++...        (no amulet)
Stlth   +            (no ring)
HPRegen 2.04/turn    (no ring)
MPRegen 0.10/turn

%: clarity, guardian spirit
@: strong-willed, corroded, regenerating
A: fangs 2, regeneration 1, magic shield, antimagic bite, no potion heal 2
a: Renounce Religion, Berserk, Trog's Hand


You were on level 3 of the Dungeon.
You worshipped Trog.
Trog was pleased with you.
You visited 1 branch of the dungeon, and saw 3 of its levels.

You collected 107 gold pieces.

Inventory:

Missiles
 t - a throwing net
Armour
 a - a +0 animal skin
 e - a +0 helmet (worn)
 f - a +0 plate armour
 k - the +1 toga "Victory" (worn) {*Victory Int+1 Slay+1 Clar}
   (You found it on level 2 of the Dungeon)

   *Victory:  When the wearer kills a threatening monster, it has a chance to
   gain +1 AC, +1 Slay, and +1 Int, capping at +7.
   When the wearer uses a scroll or a potion with a hostile monster in sight,
   its bonuses reset to +0.
   Unequipping it also resets its bonuses to +0.
   Int+1:     It affects your intelligence (+1).
   Slay+1:    It affects your accuracy & damage with ranged weapons and melee
   (+1).
   Clar:      It protects you from confusion, rage, mesmerisation and fear.
Jewellery
 n - a ring of protection from fire
Scrolls
 c - 8 scrolls of identify {unknown}
 g - 2 scrolls of immolation {unknown}
 i - a scroll of summoning {unknown}
 j - a scroll of vulnerability {unknown}
 l - 2 scrolls of amnesia {unknown}
 q - a scroll of poison {unknown}
 r - a scroll of blinking {unknown}
Potions
 b - 2 potions of heal wounds {unknown}
 d - a potion of brilliance {unknown}
 h - a potion of attraction {unknown}
 m - a potion of degeneration {unknown}
 o - a potion of might {unknown}
 p - 2 potions of curing {unknown}
 s - a potion of cancellation {unknown}


   Skills:
 + Level 3.6 Fighting
 - Level 1.5 Armour
 - Level 1.5 Dodging
 * Level 4.8 Unarmed Combat


You had 4 spell levels left.
You didn't know any spells.
Your spell library was empty.

Dungeon Overview and Level Annotations

Branches:
Dungeon (3/15)

Altars:
Cheibriados
Makhleb
Qazlal
Trog
Uskayaw

Shops:
D:1 *


Innate Abilities, Weirdness & Mutations

You have extremely sharp teeth.
Your natural rate of healing is unusually fast.
When hurt, damage is shared between your health and your magic reserves.
Your bite disrupts and absorbs the magic of your enemies.
Potions cannot restore your health.


Message History

The kobold hits you with a +0 dagger.
You punch the kobold!
You kill the kobold!
Trog accepts your kill.
Things that are here:
a +0 dagger; a kobold corpse You open the door. 2 endoplasms come into view.
The endoplasm quivers. 7 endoplasms and a jelly come into view.
Found five altars.
The endoplasm quivers. x3
There is an open door here.
The helpless jelly fails to defend itself.
You hit the jelly. The acid corrodes you!
Your hands burn!
The jelly is lightly wounded.
The endoplasm quivers. x3
The jelly hits you.
You are splashed with acid!
Lua - Auto Kill stopped.
Not in fighting shape.
The endoplasm hits the toadstool.
Your skin crawls.
You feel strong-willed. The jelly barely misses you.
The endoplasm hits the fungus.
The fungus begins to die.
The endoplasm hits the toadstool.
The toadstool is destroyed!
You hit the jelly. The acid corrodes you!
Your hands burn!
You bite the jelly, but do no damage.
The jelly is moderately wounded.
Something hits the fungus.
The fungus begins to die.
The jelly closely misses you.
You hit the jelly. The acid corrodes you!
Your hands burn!
The jelly is heavily wounded.
Something hits the fungus.
The jelly hits you. The acid corrodes you!
You are splashed with acid!
You hit the jelly.
Your hands burn!
You bite the jelly, but do no damage.
The jelly is heavily wounded.
Something hits the fungus. x2; The jelly hits you.
You are splashed with acid!
* * * LOW HITPOINT WARNING * * *
You hit the jelly but do no damage. The acid corrodes you!
Your hands burn!
You die...

..)...).#
###########.###......>.
.######.#
?÷._.P.P.##..[.##......
.# #.#
.P._..JP.##....##.###..
)######.#
.J.JJP.P.##....##.# #..
).......#
...÷÷_JP.##....##.# #..
.######.#
..J÷÷_.J.##.......# #..
.########
....÷_.JJ##....######..
........# #######J#
#....'.......
.....##.###)....@##
#....####.#..
........##.########
#....####.#.#
.....######..'....#
#............ ..#####
####....# #......#..#..
......# #.......#
#....).#..#.) .#....#
#.......# #.........#..
.#....### #.......#
#......#.##.. ......'.#
#.......# #......#.(###
......#.# ##.....##
#########.###


You could see a jelly and 3 endoplasms.

Vanquished Creatures
  An orc wizard (D:3)
  A gnoll (D:1)
  3 adders (D:2)
  A worm (D:2)
  5 orcs (D:3)
  3 endoplasms
  2 giant cockroaches
  4 goblins
  3 hobgoblins
  2 quokkas (D:3)
  4 ball pythons
  4 bats
  3 frilled lizards
  9 kobolds (D:3)
  6 rats
  A spectral goblin (D:2)
52 creatures vanquished.

Notes
Turn   | Place    | Note
-------+----------+-------------------------------------------
     0 | D:1      | Persephone the Vine Stalker Berserker began the quest for
                  | the Orb.
     0 | D:1      | Reached XP level 1. HP: 11/11 MP: 2/2
    62 | D:1      | Reached XP level 2. HP: 5/16 MP: 1/3
   309 | D:1      | Found Wakhy's Assorted Antiques.
   820 | D:2      | Found the +0 toga "Victory" {*Victory Clar}
   848 | D:2      | Reached XP level 3. HP: 20/20 MP: 4/4
   925 | D:2      | Found a faded altar of an unknown god.
  1021 | D:2      | Reached skill level 4 in Unarmed Combat
  1235 | D:2      | Reached XP level 4. HP: 20/24 MP: 5/5
  1971 | D:3      | Reached ** piety under Trog
  2236 | D:3      | Reached XP level 5. HP: 28/28 MP: 6/6
  2271 | D:3      | Found a snail-covered altar of Cheibriados.
  2271 | D:3      | Found a burning altar of Makhleb.
  2271 | D:3      | Found a stormy altar of Qazlal.
  2271 | D:3      | Found a hide-covered altar of Uskayaw.
  2271 | D:3      | Found a stormy altar of Qazlal.
  2271 | D:3      | Found a bloodstained altar of Trog.
  2277 | D:3      | HP: 1/28 [acid (9)]
  2278 | D:3      | Splashed by a jelly's acid

Illustrated notes

Levels and vault maps discovered:
D:1:      lemuel_arrival_cross, layout_basic, serial_shops,
          nicolae_shop_real_fake_doors, minmay_tromino_v2
D:2:      layout_basic, dreamdust_ecumenical_altar_drowned_temple
D:3:      cheibrodos_fertilizer, layout_basic

Skill      XL: |  1  2  3 |
---------------+----------+-----
Fighting       | 3 |  3.6
Unarmed Combat | 4 |  4.8
Armour         | |  1.5
Dodging        | |  1.5

Action                     |  1- 3 |  4- 6 || total
---------------------------+-------+-------++-------
  Melee: Unarmed           |    84 |    82 ||   166
         Bite              |    19 |    21 ||    40
         Punch             |     2 |       ||     2
 Invoke: Berserk           |     1 |       ||     1
         Trog's Hand       |       |     1 ||     1
   Stab: Sleeping          |       |     1 ||     1
 Armour: Animal skin       |     7 |       ||     7
         Plate armour      |    41 |       ||    41
         Robe              |    11 |    32 ||    43
  Dodge: Dodged            |    31 |    42 ||    73

Table legend: (Time is in decaauts)
 A = Elapsed time spent in this place.
 B = Non-inter-level travel time spent in this place.
 C = Inter-level travel time spent in this place.
 D = Time resting spent in this place.
 E = Time spent auto-exploring this place.
 F = Levels seen in this place.
 G = Mean time per level.
                   A        B        C        D        E       F      G
               +--------+--------+--------+--------+--------+-----+--------+
         Total |   2285 |   2159 |    126 |      0 |   1778 |   3 |  761.7 |
       Dungeon |   2285 |   2159 |    126 |      0 |   1778 |   3 |  761.7 |
               +--------+--------+--------+--------+--------+-----+--------+

Top non-repeatable levels by time:
     D:2: 956 daAuts
     D:1: 774 daAuts
     D:3: 554 daAuts
